 Dungeon Crawl Stone Soup version 0.17.0-27-g4a3f43e (console) character file.

2887 gw the Spear-Bearer (level 9, -6/121 HPs)
             Began as a Minotaur Berserker on Nov 22, 2015.
             Was a Priest of Trog.
             Mangled by a troll (8 damage)
             ... on level 8 of the Dungeon.
             The game lasted 00:07:50 (7448 turns).

gw the Spear-Bearer (Minotaur Berserker)            Turns: 7448, Time: 00:07:50

Health: -6/121     AC: 12    Str: 27    XL:     9   Next: 48%
Magic:  8/8        EV:  9    Int:  4    God:    Trog [***...]
Gold:   343        SH:  0    Dex: 13    Spells: 0 memorised, 8 levels left

rFire  . . .     SeeInvis .     b - +0 halberd
rCold  . . .     Clarity  .     l - +0 chain mail
rNeg   . . .     SustAt   .     (shield currently unavailable)
rPois  +         Gourm    .     q - +0 hat
rElec  .         Spirit   .     u - +0 cloak
rCorr  .         Warding  .     (no gloves)
rMut   .         Stasis   .     (no boots)
MR     ++...                    t - amulet of faith
Stlth  ..........               (no ring)
                                e - ring of poison resistance

@: berserking, regenerating, very quick, very resistant to hostile enchantments,
extremely unstealthy
A: retaliatory headbutt, horns 2
a: Berserk, Trog's Hand, Burn Spellbooks, Renounce Religion


You were on level 8 of the Dungeon.
You worshipped Trog.
Trog was most pleased with you.
You were not hungry.

You visited 1 branch of the dungeon, and saw 8 of its levels.

You collected 343 gold pieces.

Inventory:

Hand Weapons
 b - a +0 halberd (weapon)
Missiles
 k - 267 stones (quivered)
 m - 12 needles of sleeping
 s - 6 poisoned needles
 y - 5 needles of confusion
Armour
 l - a +0 chain mail (worn)
 q - a +0 hat (worn)
 u - a +0 cloak (worn)
Jewellery
 e - a ring of poison resistance (left hand)
 t - an amulet of faith (around neck)
Scrolls
 d - 3 scrolls of blinking
 i - 4 scrolls of remove curse
 p - 4 scrolls of recharging
 r - 6 scrolls of identify
 v - 3 scrolls of teleportation
Potions
 g - 3 potions of curing
 j - 2 potions of ambrosia
 A - a potion of berserk rage
Comestibles
 c - 7 bread rations
 f - 3 meat rations
 h - 8 fruits
 n - a beef jerky
 x - 2 royal jellies


   Skills:
 + Level 7.8 Fighting
 * Level 10.5 Polearms
 + Level 5.7 Throwing
 + Level 7.6 Armour
 - Level 2.1 Dodging


You had 8 spell levels left.
You didn't know any spells.

Dungeon Overview and Level Annotations

Branches:
Dungeon (8/15)             Temple (0/1) D:4            Lair (0/8) D:8

Altars:
Sif Muna

Shops:
D:7 [


Innate Abilities, Weirdness & Mutations

You reflexively headbutt those who attack you in melee.
You have a pair of horns on your head.


Message History

You barely miss the troll. You headbutt the troll.
The troll is moderately wounded.
The troll bites you! The troll claws you but does no damage.
The troll closely misses you. The troll bites you. The troll claws you.
The troll claws you.
Mmmm...
Yummy lychee.
Your skin crawls.
You feel resistant to hostile enchantments.
You feel slightly more hungry.
You can no longer call in reinforcements.
The troll bites you. The troll barely misses you. The troll closely misses you.
A red film seems to cover your vision as you go berserk!
You feel yourself moving faster!
You feel mighty!
You feel somewhat more hungry. The troll bites you!
The troll claws you but does no damage. The troll claws you but does no damage.
ATTACK MOVE TO (1,0)
You closely miss the troll. You headbutt the troll!
The troll is heavily wounded.
The troll closely misses you. The troll claws you!
You die...

#......#..#...~~~~~.~.
#......##.#...~~~~~(...
#......##.....~~~~~(.>.~
##########....~~~~~(.....~
#....~~~~~(..(.~~ ########
#.....~~~~(..~.~~ .......#
#..#...~~~~~.~~~~ .#####.#
##.#...~~(~~.~~~( .#####.#
#.#..HT.~~~)~~~~ .......#
#.#..[.~~~~.(~~~ .#######
#.#!..~.~~~.~.~~ .#
#.#...~.~~~.~.~~ .########
#.....~..~~...~. .........
##.............. #####....
#.............. # .
#.............. #
#..############


You could see a troll.

Table legend:
 A = Turns spent in this place as a percentage of turns spent in the entire game.
 B = Non-inter-level travel turns spent in this place as a percentage of non-inter-level travel turns spent in the entire game.
 C = Inter-level travel turns spent in this place as a percentage of turns spent in this place.
 D = Turns resting spent in this place as a percentage of non-inter-level travel turns spent in this place.
 E = Turns spent auto-exploring this place as a percentage of non-inter-level travel turns spent in this place.
 F = Non-inter-level travel turns spent in this place divided by the number of levels of this place that you've seen.
                   A       B       C       D       E      F
               +-------+-------+-------+-------+-------+----------------------
         Total | 100.0 | 100.0 |   1.1 |   0.8 |   2.0 | 1675.1
       Dungeon | 100.0 | 100.0 |   1.1 |   0.8 |   2.0 | 1675.1
               +-------+-------+-------+-------+-------+----------------------

Table legend:
 A = Kills in this place as a percentage of kills in entire the game.
 B = Kills by you in this place as a percentage of kills by you in the entire game.
 C = Kills by friends in this place as a percentage of kills by friends in the entire game.
 D = Other kills in this place as a percentage of other kills in the entire game.
 E = Experience gained in this place as a percentage of experience gained in the entire game.
 F = Experience gained in this place divided by the number of levels of this place that you have seen.
                   A       B       C       D       E      F
               +-------+-------+-------+-------+-------+----------------------
         Total | 100.0 | 100.0 |  -nan |  -nan | 100.0 | 515.6
       Dungeon | 100.0 | 100.0 |  -nan |  -nan | 100.0 | 515.6
               +-------+-------+-------+-------+-------+----------------------

Vanquished Creatures
  Prince Ribbit (D:6)
  A hungry ghost (D:7)
  4 wolves (D:8)
  An orc warrior (D:7)
  A sky beast (D:8)
  An ice beast (D:5)
  A black bear (D:6)
  A crocodile (D:7)
  A phantom (D:7)
  An ogre (D:7)
  2 centaurs
  3 giant frogs
  A big kobold (D:7)
  3 scorpions
  A hound (D:8)
  2 electric eels (D:8)
  A giant frog zombie (D:6)
  A centaur zombie (D:5)
  2 orc priests (D:6)
  2 crimson imps
  A centaur skeleton (D:2)
  An iguana (D:4)
  3 jellies
  3 giant frog skeletons
  Jessica (D:2)
  2 orc wizards (D:6)
  A worker ant (D:7)
  A hound zombie (D:7)
  2 hound skeletons (D:4)
  8 adders
  2 gnolls
  2 shadow imps
  An ooze (D:2)
  3 worms
  2 adder skeletons
  5 giant geckos
  11 orcs
  2 ball pythons
  10 bats
  3 giant cockroaches
  15 goblins
  3 hobgoblins
  16 jackals
  7 quokkas
  4 giant newts
  13 kobolds
  A quokka skeleton (D:4)
  11 rats
165 creatures vanquished.

Notes
Turn   | Place    | Note
--------------------------------------------------------------
     0 | D:1      | gw the Minotaur Berserker began the quest for the Orb.
     0 | D:1      | Reached XP level 1. HP: 19/19 MP: 0/0
    10 | D:1      | Reached skill level 4 in Polearms
    10 | D:1      | Reached XP level 2. HP: 27/27 MP: 1/1
   360 | D:1      | Reached ** piety under Trog
   483 | D:1      | Reached XP level 3. HP: 30/33 MP: 2/2
   531 | D:1      | Reached skill level 1 in Throwing
  1090 | D:2      | Noticed Jessica
  1096 | D:2      | Killed Jessica
  1096 | D:2      | Reached skill level 5 in Polearms
  1096 | D:2      | Reached XP level 4. HP: 40/40 MP: 3/3
  1480 | D:2      | Found a deep blue altar of Sif Muna.
  2116 | D:3      | Reached XP level 5. HP: 47/47 MP: 4/4
  2289 | D:3      | Reached *** piety under Trog
  3048 | D:4      | Found a staircase to the Ecumenical Temple.
  3095 | D:4      | Reached XP level 6. HP: 51/53 MP: 5/5
  3399 | D:4      | Found Aclonog's Assorted Antiques.
  3452 | D:4      | Reached skill level 6 in Polearms
  3566 | D:4      | Noticed a centaur
  3584 | D:4      | Killed a centaur
  3584 | D:4      | Reached skill level 5 in Fighting
  4250 | D:5      | Entered Level 5 of the Dungeon
  5044 | D:5      | Reached XP level 7. HP: 52/61 MP: 6/6
  5157 | D:6      | Reached skill level 7 in Polearms
  5253 | D:6      | Noticed Prince Ribbit
  5269 | D:6      | Killed Prince Ribbit
  5269 | D:6      | Reached skill level 5 in Armour
  5643 | D:6      | Reached XP level 8. HP: 68/70 MP: 7/7
  5700 | D:6      | Reached skill level 8 in Polearms
  5915 | D:7      | Reached **** piety under Trog
  6040 | D:7      | Reached skill level 9 in Polearms
  6324 | D:7      | Found Gadghael's Armour Shoppe.
  6571 | D:7      | Received a gift from Trog
  6581 | D:7      | Reached skill level 5 in Throwing
  6581 | D:7      | Reached XP level 9. HP: 79/79 MP: 8/8
  6763 | D:8      | Reached skill level 10 in Polearms
  7270 | D:8      | Received a gift from Trog
  7326 | D:8      | Found a staircase to the Lair.
  7447 | D:8      | HP: 1/121 [troll (7)]
  7448 | D:8      | Mangled by a troll

Action                   |  1- 3 |  4- 6 |  7- 9 || total
-------------------------+-------+-------+-------++-------
Melee: Spear             |    61 |   177 |       ||   238
       Trident           |       |    19 |    79 ||    98
       Halberd           |       |       |    97 ||    97
Throw: Stone             |    21 |    26 |    13 ||    60
       Tomahawk          |       |    64 |    35 ||    99
       Javelin           |       |       |    32 ||    32
Invok: Berserk           |     1 |       |     5 ||     6
       Trog's Hand       |       |       |     3 ||     3
  Use: Scroll            |     3 |     5 |     7 ||    15
       Potion            |     2 |     5 |     6 ||    13
  Eat: Chunk             |     2 |    10 |     9 ||    21
       Bread ration      |       |     1 |       ||     1
       Fruit             |       |       |     3 ||     3

Vault maps used:
D:1:      grunt_arrival_lava_bath
D:2:      lemuel_blue_sif_altar, uniq_jessica
D:4:      minmay_temple_entry_mist, first_bread, serial_shops,
          nicolae_shop_window_shopping
D:6:      black_bear_nest_1, uniq_prince_ribbit1
D:7:      serial_shops, shop_fountains
D:8:      minitemple, erik_lair_island, serial_shops, shop
